 Dungeon Crawl Stone Soup version 0.29-a0-43-g62a80824bf (webtiles) character file.

Game seed: 11852672714524849790

402 robertstho the Scholar of Death (level 6, -1/50 HPs)
             Began as a Ghoul Necromancer on Feb 2, 2022.
             Was a Follower of Kikubaaqudgha.
             Slain by a phantom (8 damage)
             ... on level 4 of the Dungeon.
             The game lasted 00:11:36 (4410 turns).

robertstho the Scholar of Death (Ghoul Necromancer) Turns: 4410, Time: 00:11:38

Health: -1/50      AC:  9    Str: 11 (12) XL:     6   Next: 85%
Magic:  10/10      EV: 11    Int: 12      God:    Kikubaaqudgha [*.....]
Gold:   120        SH:  0    Dex:  8 (9)  Spells: 1/12 levels left

rFire   . . .      SeeInvis .   f - staff of death
rCold   + + +      Faith    .   (no shield)
rNeg    + + +      Spirit   .   m - +0 troll leather armour
rPois   ∞          Reflect  .   q - +1 helmet
rElec   .          Harm     .   (no cloak)
rCorr   .          Rampage  .   j - +2 pair of gloves
Will    .....                   (no boots)
Stlth   ++........              a - amulet of magic regeneration
HPRegen 0.00/turn               b - ring of protection from cold
MPRegen 0.52/turn               d - ring of protection from cold

@: inhibited regen
A: claws 1, cold resistance 1, negative energy resistance 3, inhibited
regeneration, torment resistance 2
a: Renounce Religion, Receive Corpses


You were on level 4 of the Dungeon.
You worshipped Kikubaaqudgha.
Kikubaaqudgha was aware of your devotion.
You visited 1 branch of the dungeon, and saw 4 of its levels.

You collected 120 gold pieces.

Inventory:

Hand Weapons
 c - a +0 dagger of protection
Armour
 g - a +2 robe of positive energy
 j - a +2 pair of gloves (worn)
 m - a +0 troll leather armour (worn)
 q - a +1 helmet (worn)
Magical Staves
 f - a staff of death (weapon)
Jewellery
 a - an amulet of magic regeneration (around neck)
 b - a ring of protection from cold (left hand)
 d - a ring of protection from cold (right hand)
Scrolls
 e - a scroll of vulnerability
 i - a scroll of immolation {unknown}
 k - a scroll of blinking {unknown}
Potions
 l - a potion of magic


   Skills:
 * Level 2.5 Fighting
 + Level 1.0 Short Blades
 + Level 0.3 Staves
 + Level 0.3 Armour
 + Level 2.3 Dodging
 * Level 3.9 Stealth
 * Level 3.6 Spellcasting
 + Level 5.1 Necromancy


You had one spell level left.
You knew the following spells:

 Your Spells              Type           Power      Damage    Failure   Level
a - Pain                  Necr           84%        1d8       3%          1
b - Animate Skeleton      Necr           42%        N/A       3%          1
c - Vampiric Draining     Necr           21%        2d7       11%         3
d - Animate Dead          Necr           10%        N/A       36%         4
e - Corpse Rot            Necr/Air       24%        N/A       16%         2

Your spell library contained the following spells:

 Spells                   Type           Power      Damage    Failure   Level
 Agony                    Necr           21%        N/A       71%         5


Dungeon Overview and Level Annotations

Branches:
Dungeon (4/15)
 Temple: D:4-7

Altars:
Ashenzari
Elyvilon
Gozag
Kikubaaqudgha
Zin


Innate Abilities, Weirdness & Mutations

You thrive by killing the living.
You are immune to poison.
You have sharp fingernails.
Your flesh is cold resistant. (rC+)
You are immune to negative energy. (rN+++)
You do not regenerate when monsters are visible.
You are immune to unholy pain and torment.


Message History

You hit the ufetubus but do no damage. The ufetubus hits you.
The ufetubus misses you.
You closely miss the ufetubus.
The ufetubus hits you but does no damage.
The ufetubus completely misses you. The ufetubus barely misses you.
The ufetubus hits you but does no damage.
It was a potion of cancellation.
You feel magically purged.
The ufetubus hits you but does no damage.
The ufetubus barely misses you.
It was a potion of lignification.
You feel woody for a moment.
You hit the phantom.
The phantom is severely damaged.
The phantom hits you.
You barely miss the phantom.
The phantom is severely damaged.
The phantom closely misses you.
You barely miss the phantom.
The phantom is severely damaged.
The phantom barely misses you.
You closely miss the phantom.
The phantom is heavily damaged.
The phantom hits you but does no damage.
The phantom hits you.
* * * LOW HITPOINT WARNING * * *
You hit the phantom but do no damage.
The phantom is heavily damaged.
The phantom barely misses you.
As you read the scroll labelled BIHOUPLEMIA, it crumbles to dust.
It is a scroll of enchant armour.
Your +0 helmet glows green for a moment.
The phantom hits you.
* * * LOW HITPOINT WARNING * * *
It was a potion of mutation.
You feel extremely strange.
Your body decomposes!
You feel clumsy.
Your body decomposes!
You feel weakened. The phantom hits you!
You die...
Kikubaaqudgha rasps: "You have failed me!
Welcome... oblivion!"

.##...# ##.....# ######'##
##S.....# #.# ...####..######
#.# #......ZW# #.# #.####.#.#
##'##### #...#
###########.......
.######S#####.).))....#.......
........W..##.#######.#.......
####.......##@##....#.##.#####
#.......##W##.##.#.##......
####...))S5#...#.#.########
#########...#.#.# #. #...#.#.#
#. ##'##.#.# #. #######
#####.##.#.# #.
#.....#######...#.##.#.#######.
#.....##....'.....##.#.........


You could see a phantom, an ufetubus and a ball python.

Vanquished Creatures
  Blork the orc (D:4)
  A scorpion (D:4)
  A hound (D:3)
  Jessica (D:2)
  An orc wizard (D:3)
  Robin (D:4)
  3 gnolls (D:3)
  6 adders
  4 dart slugs
  2 orcs (D:3)
  12 ball pythons
  4 endoplasms
  3 giant cockroaches
  18 goblins
  5 hobgoblins
  6 jackals
  6 quokkas
  6 bats
  3 frilled lizards
  8 kobolds
  9 rats
101 creatures vanquished.

Notes
Turn   | Place    | Note
-------+----------+-------------------------------------------
     0 | D:1      | robertstho the Ghoul Necromancer began the quest for the
                  | Orb.
     0 | D:1      | Reached XP level 1. HP: 14/14 MP: 2/2
   225 | D:1      | Reached XP level 2. HP: 18/20 MP: 3/3
   536 | D:1      | Found a faded altar of an unknown god.
   919 | D:1      | Reached XP level 3. HP: 24/26 MP: 5/5
  1499 | D:2      | Noticed Jessica
  1510 | D:2      | Identified a scroll of acquirement
  1524 | D:2      | Killed Jessica
  1525 | D:2      | Reached skill level 1 in Fighting
  1525 | D:2      | Reached XP level 4. HP: 12/35 MP: 1/6
  1540 | D:2      | Learned a level 1 spell: Animate Skeleton
  1544 | D:2      | Learned a level 3 spell: Vampiric Draining
  1790 | D:1      | Acquired an amulet of magic regeneration
  2160 | D:2      | Reached skill level 1 in Short Blades
  2603 | D:3      | Reached XP level 5. HP: 40/40 MP: 5/8
  2798 | D:3      | Found an ancient bone altar of Kikubaaqudgha.
  2819 | D:3      | Became a worshipper of Kikubaaqudgha
  2825 | D:3      | Learned a level 4 spell: Animate Dead
  2968 | D:3      | Found a broken altar of Ashenzari.
  3413 | D:4      | Noticed Blork the orc
  3421 | D:3      | Reached XP level 6. HP: 44/48 MP: 6/9
  3752 | D:4      | Killed Blork the orc
  3753 | D:4      | Reached skill level 5 in Necromancy
  3890 | D:4      | Reached * piety under Kikubaaqudgha
  3890 | D:4      | Received a gift from Kikubaaqudgha
  3894 | D:4      | Learned a level 2 spell: Corpse Rot
  4210 | D:4      | Found an opulent altar of Gozag.
  4295 | D:4      | Noticed Robin
  4326 | D:4      | Killed Robin
  4410 | D:4      | Slain by a phantom

Illustrated notes

Levels and vault maps discovered:
D:1:      dpeg_arrival_stone_temple_mockup, layout_basic,
          hellmonk_ecumenical_altar_crossroads
D:2:      layout_basic, basic_altar, uniq_jessica
D:3:      layout_rooms, evilmike_ruin_ashenzari,
          nicolae_kikubaaqudgha_miasma_corner, corexii_item_surrounded_by_moat
D:4:      layout_basic, grunt_temple_overflow_gold_and_silver,
          minmay_manual_moon, uniq_blork_the_orc, uniq_robin

Skill      XL: |  1  2  3  4  5  6 |
---------------+-------------------+-----
Spellcasting   | 2 3 |  3.6
Dodging        | 2 |  2.3
Fighting       | 1 2 |  2.5
Short Blades   | 1 |  1.0
Stealth        | 3 |  3.9
Necromancy     | 5 |  5.1
Staves         | |  0.3
Armour         | |  0.3

Action                   |  1- 3 |  4- 6 || total
-------------------------+-------+-------++-------
Melee: Unarmed           |    15 |       ||    15
       Dagger            |   102 |    10 ||   112
       Punch             |     2 |       ||     2
       Staff             |       |   124 ||   124
 Cast: Pain              |    25 |   115 ||   140
       Vampiric Draining |       |     4 ||     4
       Corpse Rot        |       |     2 ||     2
  Use: Scroll            |     3 |     5 ||     8
       Potion            |     2 |     3 ||     5
 Stab: Sleeping          |     2 |     5 ||     7
Armor: Robe              |    52 |    33 ||    85
       Troll leather arm |       |    36 ||    36
Dodge: Dodged            |    81 |   163 ||   244

Table legend: (Time is in decaauts)
 A = Elapsed time spent in this place.
 B = Non-inter-level travel time spent in this place.
 C = Inter-level travel time spent in this place.
 D = Time resting spent in this place.
 E = Time spent auto-exploring this place.
 F = Levels seen in this place.
 G = Mean time per level.
                   A        B        C        D        E       F      G
               +--------+--------+--------+--------+--------+-----+--------+
         Total |   4451 |   4219 |    232 |     46 |   3230 |   4 | 1112.8 |
       Dungeon |   4451 |   4219 |    232 |     46 |   3230 |   4 | 1112.8 |
               +--------+--------+--------+--------+--------+-----+--------+

Top non-repeatable levels by time:
     D:1: 1486 daAuts
     D:2: 1031 daAuts
     D:3: 989 daAuts
     D:4: 944 daAuts
